Cogmind - Beta 13 @@@ ROGUE MODE // 2024.04.14 @ 18:17:01 Player: LEWiKK Result: Destroyed by G-34 Mercenary with Small Laser Performance ------------- Evolutions (0) 0 Regions Visited (1) 200 Robots Destroyed (17) 85 Value Destroyed (476) 476 Prototype IDs (0) 0 Alien Tech Used (0) 0 Bonus (0) 0 TOTAL SCORE: 761 Bonus ------- None Cogmind --------- Core Integrity 0/250 Matter 281/300 Energy 84/100 System Corruption 0% Temperature Cool (11) Movement Walking (190) Ox1 Location -10/Materials Parts ------- > --- POWER (1) -------- (None) > --- PROPULSION (2) --- Aluminum Leg > --- UTILITY (2) ------ Medium Storage Unit > --- WEAPON (2) ------- Small Laser Light Assault Rifle > --- INVENTORY (10) --- Light Ion Engine Light Ion Engine Light Nuclear Core Aluminum Leg Datajack Mining Laser Peak State ------------ > --- POWER ------------ Ion Engine > --- PROPULSION ------- Aluminum Leg Aluminum Leg > --- UTILITY ---------- Small Storage Unit Medium Storage Unit > --- WEAPON ----------- EM Pulse Gun Medium Laser > --- INVENTORY -------- Ion Engine Light Ion Engine Light Treads Light Treads Small Laser Datajack [Rating: 7] Favorites ----------- Power Ion Engine Engine Ion Engine Propulsion Aluminum Leg Leg Aluminum Leg Utility Medium Storage Unit Storage Medium Storage Unit Weapon Light Assault Rifle Energy Gun EM Pulse Gun Ballistic Gun Light Assault Rifle Special Melee Weapon Datajack Build | -11 -10 ------- Run | Yrd Mat Slots Evolved . | . . Power . | . . Propulsion . | . . Utility . | . . Weapon . | . . Parts Attached 21 | . 21 Power 2 | . 2 Engine 2 | . 2 Core . | . . Reactor . | . . Propulsion 7 | . 7 Treads . | . . Leg 7 | . 7 Wheel . | . . Hover . | . . Flight . | . . Utility 1 | . 1 Device . | . . Storage 1 | . 1 Processor . | . . Hackware . | . . Protection . | . . Artifact . | . . Weapon 11 | . 11 Energy Gun 5 | . 5 Energy Cannon . | . . Ballistic Gun 3 | . 3 Ballistic Cannon . | . . Launcher . | . . Special Weapon . | . . Impact Weapon . | . . Slashing Weapon . | . . Piercing Weapon . | . . Special Melee Weapon 3 | . 3 Unidentified Prototypes . | . . Parts Lost 16 | . 16 Power 3 | . 3 Propulsion 8 | . 8 Utility . | . . Weapon 5 | . 5 Highest Loss Streak 5 | . 5 To Critical Strikes . | . . Average Slot Usage (%) 77 | . 77 Engine 13 | . 13 Leg 27 | . 27 Storage 14 | . 14 Energy Gun 12 | . 12 Ballistic Gun 6 | . 6 Special Melee Weapon 2 | . 2 Naked Turns . | . . Heaviest Build 19 | 14 19 Greatest Support 20 | 20 20 Greatest Overweight (x) 3 | . 3 Average Overweight (x) . | . . Largest Inventory Capacity 10 | 8 10 Average Capacity 9 | 8 9 Most Carried 10 | 6 10 Average Carried 7 | 6 7 Final Capacity 10 | 8 10 Final Carried 6 | 6 6 Class Distribution -------------------- 60% | Mutant 39% | Scavenger-Mutant Dominant Class ---------------- Mutant | -10/Materials Resources | -11 -10 ----------- Run | Yrd Mat Matter Collected 485 | 200 285 Remotely . | . . Salvage Created 684 | . 684 Parts 31 | . 31 Haulers Intercepted . | . . Recyclers Shooed 1 | . 1 Parts Field Recycled . | . . Retrieved Matter . | . . Parts Self-Destructed . | . . Prevented . | . . Kills | -11 -10 ------- Run | Yrd Mat Combat Hostiles Destroyed 15 | . 15 Guns 15 | . 15 Classes Destroyed 3 | . 3 Recycler 2 | . 2 Swarmer 3 | . 3 Grunt 12 | . 12 Best Kill Streak 3 | . 3 Combat Bots Only 2 | . 2 Max Kills in Single Turn 1 | . 1 Gunslinging . | . . Exploded . | . . Melee . | . . Uniques/NPCs Destroyed . | . . Combat | -11 -10 -------- Run | Yrd Mat Hostile Shots Fired 162 | . 162 Missed 30 | . 30 Damage Taken 1596 | . 1596 Core 258 | . 258 Absorbed by Shields . | . . Core Remaining (%) 100 | 100 . Volleys Fired 130 | . 130 Largest 2 | . 2 Hottest 90 | . 90 Shots Fired 171 | . 171 Gun 171 | . 171 Cannon . | . . Launcher . | . . Special . | . . Kinetic 94 | . 94 Thermal 69 | . 69 Explosive . | . . Electromagnetic 8 | . 8 Robot Hit Streak 17 | . 17 Robot Miss Streak 2 | . 2 Penetration Max . | . . Secondary Targets 1 | . 1 Max Gunslinging Chain 1 | . 1 Shots Hit Robots 132 | . 132 Core Hits 44 | . 44 Critical Kills . | . . Critical Parts Destroyed . | . . Critical Strikes 2 | . 2 Burn 2 | . 2 Melee Attacks . | . . Impact . | . . Slashing . | . . Piercing . | . . Sneak Attacks . | . . Combat Hostiles . | . . Follow-up Attacks . | . . Damage Inflicted 1314 | . 1314 Guns 1294 | . 1294 Cannons . | . . Explosions . | . . Melee . | . . Ramming 20 | . 20 Kinetic 564 | . 564 Thermal 650 | . 650 Explosive . | . . Electromagnetic 80 | . 80 Impact . | . . Slashing . | . . Piercing . | . . Highest Corruption . | . . Average Corruption . | . . Corruption Purged . | . . Corruption Blocked . | . . Overload Shots . | . . Overflow Damage . | . . Projectiles . | . . Explosions . | . . Melee . | . . Knockbacks . | . . Impact . | . . Kinetic . | . . Secondary . | . . Self-Inflicted Damage . | . . Shots . | . . Rammed . | . . Targets Rammed 9 | . 9 Kicked 9 | . 9 Crushed . | . . Highest Temperature 410 | . 410 Average Temperature 137 | . 137 Received Heat Transfer 885 | . 885 Effects 8 | . 8 Shutdowns 1 | . 1 Energy Bleed 3 | . 3 Interference 2 | . 2 Matter Decay 2 | . 2 Siege Activations . | . . Robots Corrupted . | . . Combat Hostiles . | . . Parts Fried . | . . Impact Corruptions . | . . Robots Melted . | . . Combat Hostiles . | . . Parts Melted . | . . Heat Transferred 1847 | . 1847 Parts Sabotaged . | . . Parts Stolen . | . . Parts Stripped . | . . Power Chain Reactions . | . . Alert | -11 -10 ------- Run | Yrd Mat Peak Influence 161 | . 161 Initial . | . . Average 48 | . 48 Maximum Alert Level . | . . Low Security (%) 100 | 100 100 Level 1 . | . . Level 2 . | . . Level 3 . | . . Level 4 . | . . Level 5 . | . . High Security . | . . Max Security . | . . Squads Dispatched 5 | . 5 Investigation 5 | . 5 Extermination . | . . Reinforcement . | . . Assault . | . . Garrison . | . . Intercept . | . . Searches Triggered . | . . Construction Impeded . | . . Haulers Reinforced . | . . Active Scanning Responses . | . . Cargo Convoy Interrupts . | . . Stealth | -11 -10 --------- Run | Yrd Mat Distress Signals 3 | . 3 Communications Jammed . | . . Distress Signals . | . . Times Spotted 27 | . 27 Peak Tracking Total 5 | . 5 Tactical Retreats 5 | . 5 Traps | -11 -10 ------- Run | Yrd Mat Traps Triggered . | . . Indirectly . | . . Trap Hack Attempts 171 | . 171 Triggered 1 | . 1 Disarmed 7 | . 7 Reprogrammed 5 | . 5 Reused 1 | . 1 Traps Extracted . | . . Installed . | . . Triggered 1 | . 1 Machines | -11 -10 ---------- Run | Yrd Mat Machines Disabled . | . . Max in Single Turn . | . . Machines Repaired . | . . Machines Dismantled . | . . Machines Sabotaged . | . . Overloaded Fab Kills . | . . Hacking | -11 -10 --------- Run | Yrd Mat Machines Accessed 7 | . 7 Terminals 7 | . 7 Fabricators . | . . Repair Stations . | . . Recycling Units . | . . Scanalyzers . | . . Garrison Access . | . . Total Hacks 28 | . 28 Successful 12 | . 12 Failed 16 | . 16 Catastrophic 1 | . 1 Database Lockouts . | . . Manual 20 | . 20 Terminals 28 | . 28 Fabricators . | . . Repair Stations . | . . Recycling Units . | . . Scanalyzers . | . . Garrison Access . | . . Terminal Hacks 5 | . 5 Branch Access Points 1 | . 1 Locate Traps 3 | . 3 Zone Layout 1 | . 1 Fabricator Hacks . | . . Repair Station Hacks . | . . Recycling Unit Hacks . | . . Scanalyzer . | . . Garrison Access Hacks . | . . Unauthorized Hacks 7 | . 7 Terminals 7 | . 7 Botnet 6 | . 6 Detonate 1 | . 1 Fabricators . | . . Repair Stations . | . . Recycling Units . | . . Scanalyzers . | . . Garrison Access . | . . Data Cores Recovered . | . . Used . | . . Hacking Detections 7 | . 7 Full Trace Events 5 | . 5 Feedback Events . | . . Feedback Blocked . | . . Robot Schematics Acquired . | . . Robots Built . | . . Authchips . | . . Time . | . . Total Robot Build Rating . | . . Part Schematics Acquired . | . . Parts Built . | . . Authchips . | . . Time . | . . Total Part Build Rating . | . . Parts Repaired . | . . Time . | . . Parts Recycled . | . . Recycled Matter . | . . Retrieved Matter . | . . Retrieved Components . | . . Parts Scanalyzed . | . . Part Schematics Acquired . | . . Parts Damaged . | . . Bothacking | -11 -10 ------------ Run | Yrd Mat Used RIF Installer . | . . Robots Hacked . | . . Non-combat . | . . Combat . | . . Robot Hacks Applied . | . . Relay Couplers Released . | . . Fabnet Peak Effective % . | . . Robots Rewired . | . . Allies Hacked . | . . Hacks Repelled . | . . Allies | -11 -10 -------- Run | Yrd Mat Total Allies . | . . Largest Group . | . . Highest-Rated Group . | . . Highest-Rated Ally . | . . Total Orders . | . . Ally Attacks . | . . Total Damage . | . . Kills . | . . Allies Corrupted . | . . Allies Melted . | . . Intel | -11 -10 ------- Run | Yrd Mat Robot Analysis Total . | . . Derelict Logs Recovered . | . . Drone Launches . | . . Drone Recoveries . | . . Exploration | -11 -10 ------------- Run | Yrd Mat Turns Passed 1796 | 3 1793 Spaces Moved 742 | 3 739 Core 1 | . 1 Treads . | . . Legs 741 | 3 738 Wheels . | . . Hover . | . . Flight . | . . Fastest Speed 120 | 120 120 Average Speed 121 | 120 121 Slowest Speed 200 | 120 200 Overloaded Moves . | . . Propulsion Burnouts . | . . Robots Hopped . | . . Cave-ins Triggered . | . . Exploration Rate (%) 51 | 2 100 Regions Visited 1 Branch Regions . Pre-discovered Areas . | . . Known Exits Taken . | . . Unknown Exits Taken 1 | 1 . Scrap Searched . | . . Spaces Dug . | . . Terrain Destroyed . | . . Melee . | . . Projectile . | . . AOE . | . . Terrain Rammed . | . . Walls Destroyed . | . . Machines Disabled . | . . Actions | -11 -10 --------- Run | Yrd Mat Total 1482 | 2 1480 Wait 384 | . 384 Move 741 | 2 739 Hop . | . . Pick Up 20 | . 20 Fast Attach . | . . Attach 15 | . 15 Detach . | . . Swap 6 | . 6 Drop 6 | . 6 Fire 130 | . 130 Melee . | . . Ram . | . . Kick 9 | . 9 Crush . | . . Escape Stasis . | . . Rewire . | . . Trap 171 | . 171 Miscellaneous . | . . Route ------- -11/Scrapyard -10/Materials (discovered 5 exits: [*Mat x3] / *Min / [*Sub]) History --------- Turn | Location | Event 1 | -11/Scrapyard | Discovered new exit (range 0) 4 | -11/Scrapyard | Entered Materials 289 | -10/Materials | Discovered new exit (range 11) 312 | -10/Materials | Build established: Mutant 576 | -10/Materials | Discovered new exit (range 8) 642 | -10/Materials | Discovered new exit (range 15) 800 | -10/Materials | Discovered new exit (range 8) 965 | -10/Materials | Core integrity fell below 50% 985 | -10/Materials | Lost 5 parts (1p2n2w) 1129 | -10/Materials | Core integrity fell below 20% 1430 | -10/Materials | Build established: Scavenger-Mutant 1705 | -10/Materials | Discovered new exit (range 7) 1741 | -10/Materials | Identified exit to Mines 1797 | -10/Materials | Destroyed by G-34 Mercenary with Small Laser Last Messages --------------- >>Trojan(Detonate) Trojan loaded successfully. Testing... Scanning machine control network... No applicable machines found. Infected machine control systems. EXIT=FOUND Connecting with Terminal... >>Access(Branch) Found 1 branch access point: (67,14) Mines Map updated. ALERT: Suspicious activity at Terminal M006. Dispatching Investigation squad. Lgt. Ion Engine destroyed. G-34 Mercenary destroyed. Lgt. Assault Rifle destroyed. Aluminum Leg destroyed. G-34 Mercenary destroyed. Switching to secondary target: G-34 Mercenary. Map ----- +----------------------------------------------------+ | | | | | | | | | | | | | | | | | | | | | | | | | | | ????????????????????????????????????????????? | | ????????????????????????????????????????????? | | ??????????????????????????????######????????? | | ?????????????????????????????##!!!!##???????? | | ?#####??????????????????????#! !#???????? | | ?# #???????######???####### #???????? | | # < #???????# ##### ## ####???????? | | # #???????# #??????????? | | #???????# #??????????? | | # #???????# ##### ######?#####????? | | ### #???????######???## #########"""##???? | | ### #?????????????????# # ##" ||"##??? | | / # ###################@ + """#"" ""#??? | | # !%* # """# #??? | | " # g # """# > #??? | | " + ###################### # #??? | | " # #????????????????????# "T" # #??? | | # #????????????????????# """ ## ##??? | | ### ##???????##################### ##???? | | ?# ######### # # ########### #????? | | ?# #????? | | ?# #????? | | ?# #????? | | ?# ######### ###### #####+######????? | | ?### ###???????## ###########?# / #??????? | | ???# #??????????# #???????????# #??????? | | ???# #??????????# #???????????# #??????? | | ???#%#??????????# #???######### """ #??????? | | #### ##########?# #???# # """ #??????? | | # "T" #?# #???# # """ #??????? | | # #?# #???# ###########???? | | # ! ### #???# # #???? | | ## # # #???# # #???? | | ?# # + #???# # """ #???? | | ?# # """ [ # #???# # """"" #???? | | ?# # """ # #???# # """"" #???? | | ?# # """ # #???# # """"" #???? | +----------------------------------------------------+ Best States ------------- Heat Dissipation 25 Energy Generation 10 Energy Capacity 250 Matter Stores 300 Matter Capacity 300 Sight Range 16 Terrain Scan Density 10 Evasion (%) 55 Item Schematics ----------------- None Robot Schematics ------------------ None Fabricated ------------ Nothing Alien Tech Used ----------------- None Achievements -------------- None Challenges ------------ None Game ------ Seed WeldingFissionImmobilizer Manual? 0 Play Time 00:16:29 Cumulative 27.7 hours Start 2024.04.14 @ 18:01:05 End 2024.04.14 @ 18:17:01 Sessions 1 Manual Loads 0 Difficulty Rogue Special Mode None Game No. 27 Rogue 27 Adventurer 0 Explorer 0 Win Type - Total 0 Types 0/0/0/0/0/0/0/0/0 Lore% 29 Gallery% 21 Achievement% 25 Wizard Run 0 Options --------- Layout 1 ASCII 0 Keyboard 0 Movement Mouse Keybinds 0 Fullscreen 2 Font 20/SmallcapsGlow Map View 54x42 Zoom Use 0% Tactical HUD 0 Map Filters NONE Filters NONE Steam 1 RUN: 404d77c0-dcf1-4164-a53d-274b4f4bd0cf